Map: Last Fantasy LE

Players

ManlyManMeat - Winner!

  • Race: Zerg Zerg
  • League: Diamond
  • Spawn Location: 7:00

VOD

Have the link to the VOD?

Description

Time

  • Played on: June 28, 2025, 5:03 p.m.
  • Length: 11:31
Show
View Real Time Build Order
Export as new Build Order

ManlyManMeat Zerg - Winner!

Build Orders:  

Get SALT Encoding   

  12  0:00  Drone  
  13  0:11  Drone  
  14  0:24  Drone, Extractor  
  15  0:31  Overlord  
  15  0:58  Drone  
  16  1:07  Hatchery  
  15  1:11  Drone  
  15  1:15  Drone  
  17  1:21  Drone  
  18  1:34  Extractor  
  17  1:43  Spawning Pool  
  17  1:47  Drone  
  17  1:54  Drone  
  18  2:04  Drone  
  19  2:17  Drone  
  20  2:49  Queen  
  22  2:50  Queen  
  22  2:51  Zergling x4  
  26  3:03  Drone  
  26  3:09  Overlord  
  27  3:15  Drone  
  28  3:40  Hatchery  
  28  3:45  Drone  
  28  3:46  Drone  
  28  3:47  Drone  
  30  3:50  Drone, Metabolic Boost  
  30  3:56  Drone  
  30  3:57  Drone  
  33  4:08  Drone  
  33  4:09  Drone  
  35  4:17  Overlord  
  35  4:37  Overlord  
  35  4:39  Overlord  
  35  4:41  Drone  
  35  4:43  Drone  
  35  4:45  Drone x3  
  40  4:57  Drone x2  
  42  5:07  Zergling x4  
  46  5:17  Zergling x6  
  47  5:22  Zergling x8  
  51  5:30  Evolution Chamber, Queen  
  51  5:31  Queen  
  51  5:33  Zergling x2  
  51  5:34  Zergling x2  
  56  5:48  Drone x3  
  49  6:00  Zergling x2  
  49  6:01  Zergling x4  
  49  6:07  Zergling x4  
  48  6:12  Zergling x2  
  48  6:18  Queen  
  43  6:33  Drone  
  43  6:34  Drone x2  
  43  6:47  Zerg Melee Weapons Level 1  
  42  7:04  Zergling x4  
  42  7:05  Zergling x6  
  47  7:19  Drone  
  48  7:20  Drone x4  
  52  7:31  Drone x2  
  52  7:33  Drone x2  
  56  7:50  Overlord  
  56  7:57  Zergling x4  
  56  7:58  Zergling x2  
  54  8:12  Drone  
  54  8:13  Drone x5  
  54  8:14  Drone x2  
  54  8:18  Overlord  
  54  8:19  Overlord  
  59  8:26  Baneling Nest  
  57  8:45  Zergling x10  
  57  8:46  Zergling x4  
  62  9:02  Zergling x4  
  62  9:03  Zergling x16  
  71  9:29  Baneling  
  71  9:30  Baneling  
  71  9:31  Baneling  
  71  9:32  Baneling x3  
  71  9:33  Baneling x3  
  71  9:34  Zergling x12  
  71  9:35  Zergling x6  
  71  9:39  Overlord  
  80  9:40  Overlord  
  80  10:03  Overlord  
  80  10:04  Overlord  
  80  10:14  Zergling x4  
  80  10:15  Zergling x8  
  86  10:30  Hatchery  
  80  10:50  Zergling x14  
  80  10:51  Zergling x14  
  80  10:55  Unknown  
  94  11:05  Zergling x12  
Tags
 
League
Diamond
Matchup
Co-op
Replay Pack
Myownreplay2
Add a new tag
Caveats
  • Supply blocks, unpowered buildings, or Contaminate may cause inaccurate times.
  • Supply counts are checked every 10 seconds.